 Dungeon Crawl Stone Soup version 0.30-a0-46-g5a63ccc183 (webtiles) character file.

Game seed: 15488351792130705764

214 MrFrogsmire the Chopper (level 5, -6/47 HPs)
             Began as a Draconian Berserker on Sept 2, 2022.
             Was a Believer of Trog.
             Mangled by an ice beast (14 damage)
             ... on level 6 of the Dungeon.
             The game lasted 00:09:01 (1368 turns).

MrFrogsmire the Chopper (Draconian Berserker)       Turns: 1368, Time: 00:09:03

Health: -6/47      AC:  5    Str: 22    XL:     5   Next: 60%
Magic:  5/5        EV: 12    Int:  7    God:    Trog [**....]
Gold:   143        SH:  3    Dex: 10    Spells: 4/4 levels left

rFire   . . .      SeeInvis .    d - +0 hand axe (flame)
rCold   . . .      Faith    .    e - +0 buckler
rNeg    . . .      Spirit   .    (body armour unavailable)
rPois   .          Reflect  .    (helmet restricted)
rElec   .          Harm     .    (no cloak)
rCorr   .          Rampage  .    (no gloves)
Will    .....                    (no boots)
Stlth   +.........               (no amulet)
HPRegen 0.15/turn                (no ring)
MPRegen 0.09/turn                (no ring)

@: no status effects
A: AC +5, unfitting armour, cold-blooded
a: Renounce Religion, Berserk, Trog's Hand


You were on level 6 of the Dungeon.
You worshipped Trog.
Trog was pleased with you.
You visited 1 branch of the dungeon, and saw 6 of its levels.

You collected 143 gold pieces.

Inventory:

Hand Weapons
 d - a +0 hand axe of flaming (weapon)
Armour
 e - a +0 buckler (worn)
Scrolls
 f - a scroll of identify {unknown}
Potions
 a - 2 potions of flight {unknown}
 b - a potion of haste {unknown}
 c - a potion of curing {unknown}


   Skills:
 + Level 4.5 Fighting
 + Level 4.8 Axes
 + Level 0.6 Throwing
 + Level 3.5 Dodging
 + Level 0.1 Stealth
 + Level 0.4 Shields


You had 4 spell levels left.
You didn't know any spells.
Your spell library was empty.

Dungeon Overview and Level Annotations

Branches:
Dungeon (6/15)
 Temple: D:4-7

Altars:
Ru


Innate Abilities, Weirdness & Mutations

Your plain brown scales are hard. (AC +5)
You cannot fit into any form of body armour.
You are cold-blooded and may be slowed by cold attacks.


Message History

You hit the necrophage. You burn the necrophage.
The necrophage is almost destroyed.
The necrophage barely misses you.
You hit the necrophage but do no damage.
Your tail-slap misses the necrophage.
The necrophage is almost destroyed.
The necrophage hits you.
* * * LOW HITPOINT WARNING * * *
You feel drained.
* * * LOW HITPOINT WARNING * * *
You hit the necrophage. You burn the necrophage.
The necrophage is almost destroyed.
The necrophage misses you.
You hit the necrophage. You burn the necrophage.
You destroy the necrophage!
Trog accepts your kill.
Your life force feels restored.
You see here a necrophage corpse.
You now have 135 gold pieces (gained 11).
You now have 143 gold pieces (gained 8).
An ice beast comes into view.
An ice beast is nearby!
The ice beast hits you but does no damage.
You hit the ice beast.
You melt the ice beast.
The ice beast is lightly wounded.
You block the ice beast's attack. The ice beast barely misses you.
You hit the ice beast but do no damage.
The ice beast is lightly wounded.
The ice beast hits you. The ice beast freezes you!
You feel yourself slow down.
* * * LOW HITPOINT WARNING * * *
You hit the ice beast but do no damage.
The ice beast is lightly wounded.
The ice beast closely misses you.
You closely miss the ice beast.
The ice beast is lightly wounded.
You feel yourself speed up. The ice beast misses you. The ice beast hits you.
* * * LOW HITPOINT WARNING * * *
The ice beast freezes you!
You die...

#..........##
#...........#
##.##...###..#
###...#...# ..#
#.........###..#
#.#...##.........
#.##.###.........
#Y#.<#
##.####.#..
#@#.## #.# #
#...# #Y# ##..#
#.# #...# #.#
#...# .# #...# ..
#.### #.# #.#


You could see an ice beast.

Vanquished Creatures
  A necrophage (D:6)
  An orc priest (D:5)
  A jelly (D:6)
  An iguana (D:5)
  4 adders
  2 dart slugs
  4 orcs
  A ball python (D:2)
  4 endoplasms
  2 goblins
  4 hobgoblins
  4 jackals (D:1)
  2 bats (D:3)
  2 frilled lizards (D:1)
  2 rats (D:1)
35 creatures vanquished.

Notes
Turn   | Place    | Note
-------+----------+-------------------------------------------
     0 | D:1      | MrFrogsmire the Draconian Berserker began the quest for the
                  | Orb.
     0 | D:1      | Reached XP level 1. HP: 19/19 MP: 1/1
   275 | D:1      | Reached XP level 2. HP: 14/26 MP: 2/2
   598 | D:3      | Reached XP level 3. HP: 20/33 MP: 3/3
   619 | D:3      | Reached ** piety under Trog
   852 | D:4      | Reached XP level 4. HP: 32/40 MP: 4/4
   903 | D:5      | Entered Level 5 of the Dungeon
  1153 | D:5      | Found a sacrificial altar of Ru.
  1241 | D:6      | Reached XP level 5. HP: 29/47 MP: 5/5
  1347 | D:6      | Noticed an ice beast
  1368 | D:6      | Mangled by an ice beast

Illustrated notes

Levels and vault maps discovered:
D:1:      elethiomel_arrival_quiet, layout_basic, grunt_decor_cap,
          minmay_misc_feat_columns
D:2:      layout_basic
D:3:      layout_rooms, shapermc_ecumenical_altar_mp_urbaneastern
D:4:      layout_basic, nicolae_uskayaw_murder_on_the_dancefloor,
          jmf_multi_god_temple, lemuel_doored_altar, temple_fountains,
          minmay_manual_monolith, uniq_edmund, uniq_blork_the_orc
D:5:      layout_loops_corners, mainiacjoe_overflow_paths,
          kennysheep_orc_sif_temple, kennysheep_little_box, serial_bayou_pond_e
D:6:      cheibrodos_fertilizer, layout_loops_ring, uniq_eustachio

Skill      XL: |  1  2  3  4 |
---------------+-------------+-----
Dodging        | 3 |  3.5
Axes           | 4 |  4.8
Fighting       | 4 |  4.5
Throwing       | |  0.6
Stealth        | |  0.1
Shields        | |  0.4

Action                   |  1- 3 |  4- 6 || total
-------------------------+-------+-------++-------
Melee: Hand axe          |    21 |    39 ||    60
       Tailslap          |     8 |     6 ||    14
       Broad axe         |    52 |     1 ||    53
Throw: Stone             |    18 |       ||    18
Armor: Skin              |    39 |     7 ||    46
Dodge: Dodged            |    73 |    17 ||    90
Block: Buckler           |     8 |     4 ||    12

Table legend: (Time is in decaauts)
 A = Elapsed time spent in this place.
 B = Non-inter-level travel time spent in this place.
 C = Inter-level travel time spent in this place.
 D = Time resting spent in this place.
 E = Time spent auto-exploring this place.
 F = Levels seen in this place.
 G = Mean time per level.
                   A        B        C        D        E       F      G
               +--------+--------+--------+--------+--------+-----+--------+
         Total |   1402 |    484 |    918 |      0 |      0 |   6 |  233.7 |
       Dungeon |   1402 |    484 |    918 |      0 |      0 |   6 |  233.7 |
               +--------+--------+--------+--------+--------+-----+--------+

Top non-repeatable levels by time:
     D:1: 385 daAuts
     D:5: 330 daAuts
     D:3: 258 daAuts
     D:2: 207 daAuts
     D:6: 139 daAuts
     D:4: 81 daAuts
